 Dungeon Crawl Stone Soup version 0.29.0-11-gd7f09526c8 (webtiles) character file.

Game seed: 4927085665038993615

4 Strat the Chiller (level 1, -1/17 HPs)
             Began as a Hill Orc Wanderer on Sept 3, 2022.
             Slain by a quokka (3 damage)
             ... on level 1 of the Dungeon.
             The game lasted 00:00:43 (247 turns).

Strat the Chiller (Hill Orc Wanderer)                Turns: 247, Time: 00:00:44

Health: -1/17      AC:  3    Str: 11    XL:     1   Next: 70%
Magic:  2/2        EV: 11    Int: 15    God:
Gold:   9          SH:  0    Dex: 10    Spells: 2/2 levels left

rFire   . . .      SeeInvis .   a - +0 club
rCold   . . .      Faith    .   (no shield)
rNeg    . . .      Spirit   .   c - +0 robe
rPois   .          Reflect  .   d - +0 helmet
rElec   .          Harm     .   (no cloak)
rCorr   .          Rampage  .   (no gloves)
Will    .....                   (no boots)
Stlth   +.........              (no amulet)
HPRegen 0.05/turn               (no ring)
MPRegen 0.08/turn               (no ring)

@: no status effects
A: no striking features
a: no special abilities


You were on level 1 of the Dungeon.
You visited 1 branch of the dungeon, and saw 1 of its levels.

You collected 9 gold pieces.

Inventory:

Hand Weapons
 a - a +0 club (weapon)
Missiles
 g - 3 javelins (quivered)
Armour
 c - a +0 robe (worn)
 d - a +0 helmet (worn)
Scrolls
 e - a scroll of identify {unknown}
 f - a scroll of amnesia {unknown}
 i - a scroll of noise {unknown}
Potions
 b - a potion of berserk rage
 h - a potion of heal wounds {unknown}


   Skills:
 + Level 2.1 Fighting
 - Level 1.0 Dodging
 - Level 1.0 Stealth
 - Level 1.0 Spellcasting
 - Level 2.0 Summonings
 - Level 2.6 Ice Magic
 - Level 1.0 Evocations


You had 2 spell levels left.
You didn't know any spells.
Your spell library contained the following spells:

 Spells                   Type           Power      Damage    Failure   Level
 Freeze                   Ice            32%        1d5       9%          1
 Summon Small Mammal      Summ           24%        N/A       11%         1
 Frozen Ramparts          Ice            16%        1d3       24%         3
 Call Canine Familiar     Summ           6%         N/A       32%         3
 Hailstorm                Conj/Ice       4%         3d4       80%         4


Dungeon Overview and Level Annotations

Branches:
Dungeon (1/15)

Altars:


Message History

The hobgoblin is severely wounded.
The hobgoblin closely misses you. x2
You barely miss the hobgoblin.
The hobgoblin is severely wounded.
The hobgoblin hits you.
* * * LOW HITPOINT WARNING * * *
You hit the hobgoblin.
You kill the hobgoblin!
Your Fighting skill increases to level 2!
You hit the quokka.
The quokka is heavily wounded.
The quokka closely misses you. x2
You hit the quokka.
The quokka is severely wounded.
The quokka bites you.
* * * LOW HITPOINT WARNING * * *
You barely miss the quokka.
The quokka is severely wounded.
The quokka barely misses you. The quokka bites you.
* * * LOW HITPOINT WARNING * * *
You closely miss the quokka.
The quokka is heavily wounded.
The quokka closely misses you. The quokka misses you.
You hit the quokka but do no damage.
The quokka is heavily wounded.
A bat comes into view.
The quokka closely misses you.
You hit the quokka.
The quokka is severely wounded.
The quokka bites you.
* * * LOW HITPOINT WARNING * * *
The quokka bites you but does no damage.
You closely miss the quokka.
The quokka is severely wounded.
The quokka bites you but does no damage.
You hit the quokka but do no damage.
The quokka is severely wounded.
The quokka bites you but does no damage.
The quokka bites you.
You die...

.# ##.. .# # #...# #
############.# ##.. ....#..
.(...........##.... .......
..................# .......
#+########.....#####.......
......####...>.# #.'.......
........##..######b#.......
#'#......#..# #.@rg########
#<##.....'..# #.####
#>##.....'..# #...#
#+#......#..#####'######
........##..#..........#
......####..#..........#
#+########..#..........#
............#..........#
............†..........#


You could see a quokka, a goblin and a bat.

Vanquished Creatures
  A giant cockroach (D:1)
  A hobgoblin (D:1)
  A quokka (D:1)
  A rat (D:1)
4 creatures vanquished.

Notes
Turn   | Place    | Note
-------+----------+-------------------------------------------
     0 | D:1      | Strat the Hill Orc Wanderer began the quest for the Orb.
     0 | D:1      | Strat set off with the following items: a +0 club, a potion
                  | of berserk rage, a +0 robe, a +0 helmet; and the following
                  | spells available to memorise: Freeze, Summon Small Mammal,
                  | Frozen Ramparts, Call Canine Familiar, Hailstorm.
     0 | D:1      | Reached XP level 1. HP: 16/16 MP: 2/2
   247 | D:1      | Slain by a quokka

Illustrated notes

Levels and vault maps discovered:
D:1:      dpeg_arrival_refuge, layout_basic,
          hellmonk_ecumenical_altar_pennies_from_heaven, minivault_26,
          minmay_tripent

Skill      XL: |  1 |
---------------+----+-----
Fighting       | 2 |  2.1
Dodging        | |  1.0
Stealth        | |  1.0
Spellcasting   | |  1.0
Summonings     | |  2.0
Ice Magic      | |  2.6
Evocations     | |  1.0

Action                   || total
-------------------------++-------
Melee: Club              ||    30
Armor: Robe              ||    10
Dodge: Dodged            ||    30
